 Dungeon Crawl Stone Soup version 0.31-a0-75-g6fe912e8c5 (webtiles) character file.

Game seed: 135355053302802342

827 greasedhog the Skirmisher (level 8, -2/64 HPs)
             Began as a Formicid Hunter on May 24, 2023.
             Slain by a gnoll
             ... wielding a +0 halberd
             ... led by a gnoll sergeant
              (4 damage)
             ... on level 7 of the Dungeon.
             The game lasted 00:04:29 (3010 turns).

greasedhog the Skirmisher (Formicid Hunter)         Turns: 3010, Time: 00:04:30

Health: -2/64      AC:  6    Str: 16    XL:     8   Next: 17%
Magic:  8/8        EV: 11    Int:  9    God:
Gold:   310        SH:  4    Dex: 19    Spells: 7/7 levels left

rFire   . . .        a - +0 shortbow
rCold   . . .        i - +0 buckler
rNeg    . . .        l - +1 ring mail
rPois   .            (helmet unavailable)
rElec   .            (no cloak)
rCorr   .            (no gloves)
SInv    +            (no boots)
Will    .....        (no amulet)
Stlth   +            (no ring)
HPRegen 0.30/turn    (no ring)
MPRegen 0.11/turn

%: no passive effects
@: brilliant, attractive, studying Staves
A: permanent stasis, dig shafts and tunnels, antennae 3, four strong arms
a: Dig, Shaft Self


You were on level 7 of the Dungeon.
You visited 1 branch of the dungeon, and saw 5 of its levels.
You also visited: Sewer.

You collected 310 gold pieces.

Inventory:

Hand Weapons
 a - a +0 shortbow (weapon)
 k - a +0 short sword of venom
Armour
 i - a +0 buckler (worn)
 l - a +1 ring mail (worn)
Jewellery
 q - a ring of fire
Wands
 j - a wand of roots (4)
Scrolls
 b - a scroll of immolation
 n - a scroll of teleportation {unknown}
 o - a scroll of identify {unknown}
 p - a scroll of enchant weapon {unknown}
Potions
 d - a potion of attraction
 e - 3 potions of enlightenment
 f - 2 potions of might {unknown}
 g - 2 potions of curing
 h - a potion of mutation {unknown}
 m - a potion of degeneration {unknown}


   Skills:
 - Level 5.7 Fighting
 * Level 8.1 Ranged Weapons
 + Level 1.0 Armour
 - Level 1.7 Dodging
 - Level 1.2 Stealth


You had 7 spell levels left.
You didn't know any spells.
Your spell library contained the following spells:

 Spells                   Type           Power      Damage    Failure   Level
 Apportation              Tloc           0%         N/A       71%         1
 Summon Guardian Golem    Hex/Summ       0%         N/A       97%         3
 Alistair's Intoxication  Tmut/Pois      0%         N/A       100%        5
 Orb of Destruction       Conj           0%         9d5       100%        7
 Spellforged Servitor     Conj/Summ      0%         N/A       100%        7


Dungeon Overview and Level Annotations

Branches:
Dungeon (4/15)              Sewer (visited)
 Temple: D:4-7

Altars:
Elyvilon
Fedhas

Shops:
D:1 !


Innate Abilities, Weirdness & Mutations

You cannot be hasted, slowed, berserked, paralysed or teleported.
You can dig through walls and to a lower floor.
You have a pair of large antennae on your head. (SInv)
Your four strong arms can wield two-handed weapons with a shield.


Message History

Fire: a) +0 shortbow
Press: ? - help, Q - select action, (/) - cycle Shift-Dir - straight line, f - gnoll
Aim: a gnoll, wielding a +0 flail and quivering 2 throwing nets (moderately wounded, 70% to hit)
You shoot an arrow. The arrow hits the gnoll.
The gnoll is severely wounded.
The gnoll throws a throwing net.
The throwing net hits you.
You become entangled in the net!
You struggle against the net.
You struggle against the net.
The gnoll completely misses you.
You struggle against the net.
The gnoll hits you with a +0 flail.
You rip the net and break free!
The gnoll hits you with a +0 flail. The gnoll attacks as you move away!
The gnoll closely misses you.
You feel better. The gnoll closely misses you.
You feel better. The gnoll attacks as you move away!
The gnoll hits you with a +0 flail!
The gnoll throws a throwing net.
The throwing net hits you.
You become entangled in the net!
You see here a throwing net.
You cannot shoot with your shortbow while held in a net.
You cannot shoot with your shortbow while held in a net.
You struggle against the net.
You struggle against the net.
The gnoll hits you with a +0 flail.
The gnoll hits you from afar with a +0 halberd.
You rip the net and break free!
The gnoll barely misses you.
The gnoll hits you from afar with a +0 halberd!
* * * LOW HITPOINT WARNING * * *
You feel better. The gnoll hits you with a +0 flail!
* * * LOW HITPOINT WARNING * * *
The gnoll hits you but does no damage.
It was a potion of brilliance.
You feel clever all of a sudden. The gnoll hits you with a +0 flail!
* * * LOW HITPOINT WARNING * * *
The gnoll barely misses you.
It was a potion of attraction.
You feel attractive to monsters. The gnoll hits you with a +0 flail.
* * * LOW HITPOINT WARNING * * *
The gnoll hits you from afar with a +0 halberd.
You die...

## . ##### .# ....###.
~## .##.#.. ##### ~≈
.##.#.# #...# ##.~
..#.#.# #.#@# .#.
..#...########(#g# gg
###.#..........#g# .#
#...#....#######g#####.#
..#.#.##.#######...g)..#
..#.#.#....#...#########
#.#.#.#..#.#.#.#
#.#...[###...#.#
.......##......#


You could see 3 gnolls.

Vanquished Creatures
  Grinder (D:4)
  A water moccasin (D:7)
  A gnoll sergeant (D:7)
  A kobold brigand (Sewer)
  5 killer bees (D:4)
  Robin (D:2)
  5 gnolls
  3 adders
  A river rat (Sewer)
  4 worms
  3 orcs (D:3)
  4 ball pythons
  6 bats
  9 endoplasms
  4 giant cockroaches
  11 goblins
  9 hobgoblins
  5 jackals
  10 kobolds
  4 quokkas
  2 frilled lizards
  12 rats
102 creatures vanquished.

Notes
Turn   | Place    | Note
-------+----------+-------------------------------------------
     0 | D:1      | greasedhog the Formicid Hunter began the quest for the Orb.
     0 | D:1      | Reached XP level 1. HP: 16/16 MP: 1/1
   128 | D:1      | Reached XP level 2. HP: 23/23 MP: 2/2
   426 | D:1      | Found Erajes's Distillery.
   535 | D:1      | Reached XP level 3. HP: 28/28 MP: 3/3
   825 | D:2      | Reached XP level 4. HP: 35/35 MP: 4/4
   855 | D:2      | Noticed Robin
   878 | D:2      | Reached skill level 5 in Ranged Weapons
   906 | D:2      | Killed Robin
  1205 | D:2      | Found a blossoming altar of Fedhas.
  1399 | D:3      | Found a glowing drain.
  1411 | D:3      | Reached XP level 5. HP: 41/41 MP: 5/5
  1418 | Sewer    | Entered a sewer
  1479 | Sewer    | Noticed a kobold brigand
  1498 | Sewer    | Killed a kobold brigand
  1635 | Sewer    | Found a white marble altar of Elyvilon.
  1691 | D:3      | Found a white marble altar of Elyvilon.
  1932 | D:3      | Reached skill level 6 in Ranged Weapons
  1932 | D:3      | Reached XP level 6. HP: 48/48 MP: 6/6
  2060 | D:3      | Found a faded altar of an unknown god.
  2502 | D:4      | Reached XP level 7. HP: 28/55 MP: 7/7
  2511 | D:4      | Reached skill level 5 in Fighting
  2511 | D:4      | Reached skill level 7 in Ranged Weapons
  2704 | D:4      | Noticed Grinder
  2726 | D:4      | Killed Grinder
  2733 | D:4      | You fall into a shaft and drop 3 floors!
  2934 | D:7      | Noticed a water moccasin
  2942 | D:7      | Killed a water moccasin
  2943 | D:7      | Reached XP level 8. HP: 58/64 MP: 8/8
  2976 | D:7      | Reached skill level 8 in Ranged Weapons
  2993 | D:7      | Reached skill level 1 in Armour
  3010 | D:7      | HP: 2/64 [gnoll/+0 flail[a gnoll sergeant] (3)]
  3010 | D:7      | Slain by a gnoll

Illustrated notes

Levels and vault maps discovered:
D:1:      minmay_arrival_arboretum_small, layout_basic, serial_shops, shop
D:2:      layout_basic, basic_altar, uniq_robin
D:3:      layout_loops_cross, lemuel_round_altar, portal_sewer_entry_a,
          hellmonk_ecumenical_altar_heavens_door
D:4:      layout_loops_ring, nicolae_ossuary_entry_ruins, uniq_grinder
D:7:      layout_basic, gammafunk_ghost_split, enter_bailey_4

Skill      XL: |  1  2  3  4  5  6  7  8 |
---------------+-------------------------+-----
Fighting       | 3 4 5 |  5.7
Ranged Weapons | 5 6 7 8 |  8.1
Armour         | 1 |  1.0
Dodging        | |  1.7
Stealth        | |  1.2

Action                     |  1- 3 |  4- 6 |  7- 9 || total
---------------------------+-------+-------+-------++-------
   Fire: Shortbow          |    82 |   168 |    66 ||   316
Ability: Dig               |       |     1 |       ||     1
  Evoke: Wand              |       |     2 |     3 ||     5
    Use: Scroll            |       |     5 |       ||     5
         Potion            |       |       |     5 ||     5
 Armour: Leather armour    |     4 |       |       ||     4
         Ring mail         |       |    32 |    15 ||    47
  Dodge: Dodged            |    19 |    37 |    30 ||    86
  Block: Buckler           |       |    12 |    12 ||    24

Table legend: (Time is in decaauts)
 A = Elapsed time spent in this place.
 B = Non-inter-level travel time spent in this place.
 C = Inter-level travel time spent in this place.
 D = Time resting spent in this place.
 E = Time spent auto-exploring this place.
 F = Levels seen in this place.
 G = Mean time per level.
                   A        B        C        D        E       F      G
               +--------+--------+--------+--------+--------+-----+--------+
         Total |   3110 |   3041 |     69 |    404 |   1952 |   6 |  518.3 |
       Dungeon |   2820 |   2751 |     69 |    301 |   1820 |   5 |  564.0 |
         Sewer |    290 |    290 |      0 |    103 |    131 |   1 |  290.0 |
               +--------+--------+--------+--------+--------+-----+--------+

Top non-repeatable levels by time:
     D:3: 1098 daAuts
     D:1: 681 daAuts
     D:2: 662 daAuts
   Sewer: 290 daAuts
     D:7: 282 daAuts
     D:4: 96 daAuts
